 Dungeon Crawl Stone Soup version 0.29.0-13-gc9e81de378 (webtiles) character file.

Game seed: 7508737272158743044

0 Ofeo the Digger (level 1, -1/14 HPs)
             Began as a Meteoran Earth Elementalist on Sept 10, 2022.
             Slain by a gnoll
             ... wielding a +0 spear
              (7 damage)
             ... on level 2 of the Dungeon.
             The game lasted 00:00:26 (21 turns).

Ofeo the Digger (Meteoran Earth Elementalist)         Turns: 21, Time: 00:00:26

Health: -1/14      AC:  2    Str:  9    XL:     1   Next: 0%
Magic:  3/5        EV: 12    Int: 16    God:
Gold:   0          SH:  0    Dex: 14    Spells: 4/5 levels left

rFire   . . .      SeeInvis .   (no weapon)
rCold   . . .      Faith    .   (no shield)
rNeg    . . .      Spirit   .   a - +0 robe
rPois   .          Reflect  .   (no helmet)
rElec   .          Harm     .   (no cloak)
rCorr   .          Rampage  .   (no gloves)
Will    .....                   (no boots)
Stlth   +.........              (no amulet)
HPRegen 0.04/turn               (no ring)
MPRegen 0.09/turn               (no ring)

@: glowing
A: sense surroundings 1, otherworldly, glowing, explore regen
a: no special abilities


You were on level 2 of the Dungeon.
You visited 1 branch of the dungeon, and saw 2 of its levels.

Inventory:

Armour
 a - a +0 robe (worn)
Potions
 b - a potion of magic


   Skills:
 + Level 2.4 Dodging
 + Level 1.4 Stealth
 + Level 2.6 Spellcasting
 + Level 1.2 Transmutations
 + Level 3.6 Earth Magic


You had 4 spell levels left.
You knew the following spells:

 Your Spells              Type           Power      Damage    Failure   Level
a - Sandblast             Erth           26%        2d8       4%          1

Your spell library contained the following spells:

 Spells                   Type           Power      Damage    Failure   Level
 Passwall                 Tmut/Erth      7%         N/A       11%         2
 Stone Arrow              Conj/Erth      14%        3d7       28%         3
 Petrify                  Tmut/Erth      9%         N/A       56%         4


Dungeon Overview and Level Annotations

Branches:
Dungeon (2/15) Zot: 1177

Altars:
Xom


Innate Abilities, Weirdness & Mutations

You passively map a small area around you.
You are easily found by Zot.
You glow in the dark.
You regain HP and MP as you explore.


Message History

Casting: Sandblast (safe; 4% risk of failure)
Confirm with . or Enter, or press ? or * to list all spells.
You don't know that spell.
Unknown command.
Okay, then.
The gnoll misses you. The gnoll closely misses you.
The gnoll hits you from afar with a +0 spear.
You take 4 damage, and have 10/14 hp.
MASSIVE DAMAGE!!
The gnoll attacks as you move away! The gnoll barely misses you.
Casting: Sandblast (safe; 4% risk of failure)
Confirm with . or Enter, or press ? or * to list all spells.
Aiming: Sandblast (safe; 4% risk of failure)
Press: ? - help, Shift-Dir - straight line, f - gnoll
Aim: a gnoll, wielding a +0 flail (84% to hit)
The blast of sand hits the gnoll!
The gnoll is severely wounded.
An adder comes into view.
The gnoll hits you from afar with a +0 spear.
The gnoll barely misses you.
You take 4 damage, and have 6/14 hp.
MASSIVE DAMAGE!!
You now have 4/5 mp.
Okay, then.
As you read the scroll labelled GOATI ISTAULIU, it crumbles to dust.
You hear a loud clanging noise!
It was a scroll of noise.
The adder hisses angrily.
The gnoll completely misses you. The gnoll closely misses you.
Casting: Sandblast (safe; 4% risk of failure)
Confirm with . or Enter, or press ? or * to list all spells.
Aiming: Sandblast (safe; 4% risk of failure)
Press: ? - help, Shift-Dir - straight line, f/p - gnoll
Aim: a gnoll, wielding a +0 flail (severely wounded, 84% to hit)
The blast of sand hits the gnoll!
You kill the gnoll!
The gnoll hits you from afar with a +0 spear!
Ouch! That really hurt!
You die...

, * ~~~ ~ ## ~ *
.# * *~ .. , ,###
* .# * ..# .# .,*
#.#####.#
*#.###.Kgg)@.# *
*#.##.#....g#####
...........# , ,
........_K.#
..#........# ,
...........# *
#........# ,
###........# *
...........# ,


You could see 2 gnolls, a hobgoblin and a kobold.

Vanquished Creatures
  A gnoll (D:2)
1 creature vanquished.

Notes
Turn   | Place    | Note
-------+----------+-------------------------------------------
     0 | D:1      | Ofeo the Meteoran Earth Elementalist began the quest for
                  | the Orb.
     0 | D:1      | Reached XP level 1. HP: 14/14 MP: 5/5
     7 | D:2      | Found a shimmering altar of Xom.
    21 | D:2      | Slain by a gnoll

Illustrated notes

Levels and vault maps discovered:
D:1:      heliophobic_arrival_battle_scene, layout_loops_corners,
          chequers_garden, minmay_quantized
D:2:      minmay_chambers_of_ones, layout_loops_cross, basic_altar,
          hangedman_abyss_or_decor_lesser_grid, wad_woods_river_04,
          chequers_serial_rivers_large_a, minmay_hexomino_r4, uniq_jessica,
          uniq_terence

Action                   || total
-------------------------++-------
 Cast: Sandblast         ||     2
  Use: Scroll            ||     1
Dodge: Dodged            ||     6
